 Dungeon Crawl Stone Soup version 0.27-a0-1147-gb3d8e82157 (webtiles) character file.

Game seed: 14302446555443443526

1638 mhtbhm the Thaumaturge (level 8, -4/43 HPs)
             Began as a Deep Elf Earth Elementalist on May 11, 2021.
             Shot with an arrow by a centaur (12 damage)
             ... on level 6 of the Dungeon.
             The game lasted 00:15:16 (8825 turns).

mhtbhm the Thaumaturge (DEEE)                       Turns: 8825, Time: 00:15:17

Health: -4/43      AC:  5    Str:  5    XL:     8   Next: 66%
Magic:  23/23      EV: 13    Int: 23    God:
Gold:   195        SH:  0    Dex: 15    Spells: 7/25 levels left

rFire    . . .     SeeInvis .   p - +4 quarterstaff (chaos)
rCold    . . .     Faith    .   (shield currently unavailable)
rNeg     . . .     Spirit   .   c - +0 robe
rPois    .         Reflect  .   (no helmet)
rElec    .         Harm     .   l - +2 cloak
rCorr    .         Rampage  .   (no gloves)
Will     .....                  (no boots)
Stlth    +++.......             (no amulet)
HPRegen  0.14/turn              (no ring)
MPRegen  0.18/turn              (no ring)

@: no status effects
A: no striking features
a: no special abilities


You were on level 6 of the Dungeon.
You visited 2 branches of the dungeon, and saw 7 of its levels.
You also visited: Sewer.

You collected 195 gold pieces.

Inventory:

Hand Weapons
 p - a +4 quarterstaff of chaos (weapon)
Missiles
 b - 50 stones
 e - 20 poisoned darts (quivered)
 r - 7 boomerangs of dispersal
Armour
 c - a +0 robe (worn)
 l - a +2 cloak (worn)
Scrolls
 a - a scroll of immolation
 d - a scroll of torment
 f - a scroll of noise
 g - 2 scrolls of holy word
 j - a scroll of fear {unknown}
 k - a scroll of enchant armour {unknown}
Potions
 h - 2 potions of heal wounds
 i - a potion of cancellation {unknown}
 m - 2 potions of mutation {unknown}
 n - 2 potions of curing {unknown}
 o - a potion of degeneration {unknown}
 q - a potion of ambrosia {unknown}
 s - a potion of resistance {unknown}


   Skills:
 + Level 1.5 Fighting
 + Level 2.0 Staves
 + Level 0.4 Throwing
 + Level 3.8 Dodging
 + Level 3.8 Stealth
 + Level 9.2 Spellcasting
 + Level 3.5 Conjurations
 + Level 1.1 Transmutations
 + Level 7.6 Earth Magic
 + Level 1.1 Poison Magic


You had 7 spell levels left.
You knew the following spells:

 Your Spells              Type           Power      Damage    Failure   Level
a - Sandblast             Erth           90%        2d19      1%          1
b - Passwall              Tmut/Erth      25%        N/A       1%          2
c - Stone Arrow           Conj/Erth      72%        3d11      1%          3
d - Lee's Rapid Deconstr  Erth           22%        3d14*     8%          5
e - Petrify               Tmut/Erth      30%        N/A       10%         4
f - Mephitic Cloud        Conj/Pois/Air  17%        N/A       10%         3

Your spell library contained the following spells:

 Spells                   Type           Power      Damage    Failure   Level
 Magic Dart               Conj           100%       1d8       1%          1
 Summon Small Mammal      Summ           40%        N/A       6%          1
 Conjure Flame            Conj/Fire      18%        6-21      9%          3
 Blink                    Tloc           N/A        N/A       10%         2
 Call Imp                 Summ           10%        N/A       10%         2
 Ensorcelled Hibernation  Hex/Ice        20%        N/A       10%         2
 Slow                     Hex            10%        N/A       10%         2
 Call Canine Familiar     Summ           10%        N/A       19%         3
 Frozen Ramparts          Ice            20%        1d4       19%         3
 Inner Flame              Hex/Fire       10%        N/A       19%         3
 Ozocubu's Armour         Ice            10%        N/A       19%         3
 Summon Guardian Golem    Hex/Summ       10%        N/A       19%         3
 Bolt of Magma            Conj/Fire/Erth 13%        4d8       36%         5
 Summon Ice Beast         Ice/Summ       10%        N/A       52%         4
 Summon Lightning Spire   Summ/Air       10%        N/A       52%         4


Dungeon Overview and Level Annotations

Branches:
Dungeon (6/15)             Temple (1/1) D:5           Sewer (visited)

Altars:
Ashenzari
Cheibriados
Dithmenos
Elyvilon
Fedhas
Gozag
Hepliaklqana
Kikubaaqudgha
Makhleb
Nemelex Xobeh
Okawaru
Qazlal
Ru
Sif Muna
Trog
The Shining One

Shops:
D:5 *


Message History

A rock wall.
The wall shatters!
The blast of rock fragments hits the orc priest!
The orc priest is severely wounded.
The orc priest shouts!
Unknown command.
Casting: Lee's Rapid Deconstruction (quite dangerous; 8% risk of failure)
Confirm with . or Enter, or press ? or * to list all spells.
The spell is quite dangerous to cast (8% risk of failure)!
Continue anyway?
Aiming: Lee's Rapid Deconstruction (quite dangerous; 8% risk of failure)
Press: ? - help, Dir - move target A rock wall.
The wall shatters!
The blast of rock fragments hits the orc priest!!
You kill the orc priest!
You hear a shout!
Unknown command.
You start resting.
HP restored.
You start resting.
Magic restored.
There is a stone staircase leading up here.
Found a blossoming altar of Fedhas.
Found a viscous red potion.
The centaur shouts!
The centaur wields a +0 shortbow.
The centaur shoots an arrow.
The arrow hits you!
Found a polished chain mail and 12 gold pieces.
s - a viscous red potion Something hits the bush but does no damage.
Something kicks the bush but does no damage.
Something hits the bush but does no damage.
Something kicks the bush but does no damage.
The centaur wields a +0 shortbow.
The centaur shoots an arrow.
The arrow hits you.
The centaur shoots an arrow.
The arrow hits you!
The centaur shoots an arrow.
The arrow hits you!
* * * LOW HITPOINT WARNING * * *
The centaur shoots an arrow.
The arrow hits you!
You die...

# .## ..# #####
#.####...#
#.#@....####
#...#......#
#.###..PP[$#
#.#####.# #.PPPP.#
#......<###.PPcPP#
###.........P.P.P.
#.........PPP.P..
#.......#...... ##
..)..(.$..#######.


You could see a centaur.

Vanquished Creatures
  Grinder (D:3)
  Menkaure (D:5)
  Purgy (Sewer)
  A black bear (D:5)
  A necrophage (D:4)
  An ogre (D:5)
  A phantom (D:5)
  A scorpion (D:5)
  A water moccasin zombie (D:5)
  A water moccasin skeleton (D:2)
  A jelly (D:4)
  2 hounds (D:4)
  An orc priest (D:6)
  Crazy Yiuf (D:3)
  A bullfrog skeleton (D:4)
  4 iguanas
  Natasha (thrice) (D:3)
  2 orc wizards
  14 gnolls
  7 adders
  A shadow imp (D:5)
  2 worms (D:2)
  2 dart slugs
  8 orcs
  9 bats
  5 endoplasms
  13 giant cockroaches
  6 hobgoblins
  17 jackals
  3 quokkas
  5 ball pythons
  2 frilled lizards
  6 goblins
  10 kobolds
  5 rats
140 creatures vanquished.

Notes
Turn   | Place    | Note
-------+----------+-------------------------------------------
     0 | D:1      | mhtbhm the Deep Elf Earth Elementalist began the quest for
                  | the Orb.
     0 | D:1      | Reached XP level 1. HP: 10/10 MP: 6/6
   166 | D:1      | Found a faded altar of an unknown god.
   221 | D:1      | Reached XP level 2. HP: 11/15 MP: 0/8
   490 | D:1      | Learned a level 2 spell: Passwall
   970 | D:1      | Reached skill level 4 in Spellcasting
   970 | D:1      | Reached XP level 3. HP: 3/19 MP: 3/10
  1330 | D:1      | Learned a level 3 spell: Stone Arrow
  1670 | D:2      | Reached XP level 4. HP: 23/24 MP: 0/12
  2288 | D:2      | Reached skill level 5 in Spellcasting
  2288 | D:2      | Reached skill level 1 in Conjurations
  2288 | D:2      | Reached skill level 5 in Earth Magic
  2288 | D:2      | Reached XP level 5. HP: 28/28 MP: 4/14
  2330 | D:2      | Learned a level 5 spell: Lee's Rapid Deconstruction
  3232 | D:3      | Noticed Natasha
  3236 | D:3      | Killed Natasha
  3275 | D:3      | Noticed Natasha
  3282 | D:3      | Killed Natasha
  3690 | D:3      | Found a runed translucent door.
  3691 | D:3      | Noticed Crazy Yiuf
  3719 | D:3      | Noticed Grinder
  3721 | D:3      | Paralysed by Grinder for 6 turns
  3729 | D:3      | Killed Grinder
  3730 | D:3      | Reached skill level 6 in Spellcasting
  3730 | D:3      | Reached XP level 6. HP: 32/32 MP: 3/17
  3826 | D:3      | Learned a level 4 spell: Petrify
  4120 | D:3      | Noticed Natasha
  4123 | D:3      | Killed Natasha
  4124 | D:3      | Reached skill level 7 in Spellcasting
  4124 | D:3      | Reached XP level 7. HP: 36/36 MP: 7/19
  4408 | D:3      | Killed Crazy Yiuf
  4766 | D:4      | Found a glowing drain.
  4791 | Sewer    | Entered a sewer
  4900 | Sewer    | Identified the Almanac of Blistering Ice
  5003 | Sewer    | Noticed Purgy
  5006 | Sewer    | Killed Purgy
  5177 | Sewer    | Learned a level 3 spell: Mephitic Cloud
  5191 | D:4      | Reached skill level 1 in Poison Magic
  5716 | D:4      | Reached skill level 8 in Spellcasting
  6119 | D:4      | Found a glowing golden altar of the Shining One.
  6331 | D:5      | Entered Level 5 of the Dungeon
  6350 | D:5      | Reached skill level 1 in Staves
  6350 | D:5      | Reached XP level 8. HP: 42/42 MP: 15/22
  6405 | D:5      | Found Tumeph's Assorted Antiques.
  6409 | D:5      | Reached skill level 1 in Fighting
  6483 | D:5      | Found a broken altar of Ashenzari.
  6483 | D:5      | Noticed Menkaure
  6489 | D:5      | Killed Menkaure
  7239 | D:5      | Reached skill level 9 in Spellcasting
  8013 | D:5      | Found a staircase to the Ecumenical Temple.
  8027 | Temple   | Entered the Ecumenical Temple
  8808 | D:6      | Found a blossoming altar of Fedhas.
  8825 | D:6      | Shot with an arrow by a centaur

Illustrated notes

Levels and vault maps discovered:
D:1:      saegor_arrival_miasma, layout_rooms,
          shapermc_ecumenical_altar_mp_highgroup, chequers_jeans,
          amcnicky_mini_pool_small
D:2:      layout_rooms
D:3:      layout_rooms, uniq_grinder, uniq_natasha, uniq_crazy_yiuf_cottage
D:4:      layout_basic, nicolae_tso_swordbearing_angel, portal_sewer_entry_f
D:5:      layout_loops_ring, ashenzari_conservatory_becter,
          minmay_temple_entry_offerings, serial_rivers,
          chequers_serial_rivers_marsh, chequers_serial_rivers_micro_d,
          chequers_serial_rivers_micro_d, chequers_serial_rivers_micro_d,
          chequers_serial_rivers_small_b, serial_shops, shop_fountains,
          uniq_menkaure
D:6:      layout_loops_cross, nicolae_overflow_hidden_temple,
          fedhas_bush_and_centaur_altar, serial_shops, shop, uniq_edmund,
          uniq_pikel
Temple:   cyrus_circular_temple

Skill      XL: |  1  2  3  4  5  6  7  8 |
---------------+-------------------------+-----
Earth Magic    | 4 5 6 7 |  7.6
Spellcasting   | 4 5 6 7 8 9 |  9.2
Conjurations   | 1 2 3 |  3.5
Stealth        | 3 |  3.8
Poison Magic   | 1 |  1.1
Dodging        | 3 |  3.8
Staves         | 1 2 |  2.0
Fighting       | 1 |  1.5
Throwing       | |  0.4
Transmutations | |  1.1

Action                   |  1- 3 |  4- 6 |  7- 9 || total
-------------------------+-------+-------+-------++-------
Melee: Unarmed           |     2 |     1 |       ||     3
       Quarterstaff      |       |       |    59 ||    59
Throw: Dart              |     5 |       |       ||     5
 Cast: Sandblast         |    38 |     7 |    15 ||    60
       Stone Arrow       |     9 |    43 |    40 ||    92
       Lee's Rapid Decon |       |     5 |    20 ||    25
       Mephitic Cloud    |       |       |     1 ||     1
  Use: Scroll            |       |       |     6 ||     6
 Stab: Distracted        |       |       |     1 ||     1
       Sleeping          |       |       |     1 ||     1
Armor: Robe              |     4 |     5 |    20 ||    29
Dodge: Dodged            |    24 |    12 |    70 ||   106

Table legend: (Time is in decaauts)
 A = Elapsed time spent in this place.
 B = Non-inter-level travel time spent in this place.
 C = Inter-level travel time spent in this place.
 D = Time resting spent in this place.
 E = Time spent auto-exploring this place.
 F = Levels seen in this place.
 G = Mean time per level.
                   A        B        C        D        E       F      G
               +--------+--------+--------+--------+--------+-----+--------+
         Total |   8869 |   8737 |    132 |   4653 |   2738 |   8 | 1108.6 |
       Dungeon |   8386 |   8254 |    132 |   4549 |   2542 |   6 | 1397.7 |
        Temple |     93 |     93 |      0 |      0 |      0 |   1 |   93.0 |
         Sewer |    388 |    388 |      0 |    104 |    196 |   1 |  388.0 |
               +--------+--------+--------+--------+--------+-----+--------+

Top non-repeatable levels by time:
     D:5: 2300 daAuts
     D:3: 1795 daAuts
     D:1: 1736 daAuts
     D:4: 1284 daAuts
     D:2: 1159 daAuts
   Sewer: 388 daAuts
     D:6: 110 daAuts
  Temple: 93 daAuts
